 Dungeon Crawl Stone Soup version 0.31.0-11-ge490571c62 (webtiles) character file.

Game seed: 13876554879539920886

717 thirtiethelement the Insei (level 7, -9/48 HPs)
             Began as a Demonspawn Shapeshifter on Feb 1, 2024.
             Mangled by Edmund
             ... wielding a +1 heavy dire flail
              (19 damage)
             ... on level 5 of the Dungeon.
             The game lasted 00:08:21 (3525 turns).

thirtiethelement the Insei (DsSh)                   Turns: 3525, Time: 00:08:21

Health: -9/48      AC:  7    Str: 14    XL:     7   Next: 42%
Magic:  7/7        EV: 10    Int: 10    God:
Gold:   32         SH:  0    Dex: 17    Spells: 6/6 levels left

rFire   . .          .
                       - Unarmed
rCold   + . .        (no shield)
rNeg    . . .        t - +1 scale mail
rPois   +            (helmet currently unavailable)
rElec   .            g - melded +1 cloak {rCorr}
rCorr   .            (gloves currently unavailable)
SInv    .            f - melded +2 pair of boots
Will    .....        (no amulet)
Stlth   ++           m - ring of poison resistance
HPRegen 0.28/turn    a - ring of protection from cold
MPRegen 0.10/turn

%: no passive effects
@: beast-form
A: beast (slay +2), thin skeletal structure 1, spiny 1, weakness stinger 2
a: Begin Untransformation


You were on level 5 of the Dungeon.
You were a hulking beast.
You visited 1 branch of the dungeon, and saw 5 of its levels.

You collected 242 gold pieces.
You spent 210 gold pieces at shops.

Inventory:

Armour
 f - a +2 pair of boots (melded)
 g - a +1 cloak of preservation (melded)
 s - a scarf of resistance
 t - a +1 scale mail (worn)
Jewellery
 a - a ring of protection from cold (right hand)
 m - a ring of poison resistance (left hand)
Talismans
 c - a beast talisman (active)
 d - a flux talisman
 h - a granite talisman
Scrolls
 k - 3 scrolls of poison
Potions
 b - a potion of berserk rage
 e - a potion of might {unknown}
 l - a potion of curing {unknown}
 n - a potion of enlightenment {unknown}
 r - 2 potions of haste {unknown}


   Skills:
 + Level 1.5 Fighting
 + Level 1.4 Armour
 + Level 3.4 Dodging
 + Level 3.6 Stealth
 + Level 5.5 Unarmed Combat
 + Level 3.5 Shapeshifting


You had 6 spell levels left.
You didn't know any spells.
Your spell library was empty.

Dungeon Overview and Level Annotations

Branches:
Dungeon (5/15)
 Temple: D:4-7

Altars:
Cheibriados
Dithmenos
Qazlal

Shops:
D:2 [

Annotations:
D:5 Edmund


Innate Abilities, Weirdness & Mutations

You are a hulking beast.
Your limbs bulge with bestial killing power. (Slay +2)
You have a somewhat thin skeletal structure. (Dex +2, Stealth+)
You are partially covered in sharp spines.
You have a tail ending in a sharp stinger.


Message History

Things that are here:
a +0 whip; a +0 ring mail; an orc corpse An ufetubus comes into view.
You miss the ufetubus.
The ufetubus shouts!
You tail-slap the ufetubus!
The ufetubus is severely wounded.
You hear a shout!
The ufetubus is struck by your spines.
You kill the ufetubus!
Edmund the Younger comes into view.
He is wielding a +1 heavy dire flail and carrying a wand of flame.
An ufetubus comes into view.
Edmund zaps a wand.
The puff of flame hits you.
The ufetubus shouts!
You hear a shout!
The ufetubus hits you but does no damage.
The ufetubus closely misses you. Edmund is struck by your spines.
Edmund hits you with a +1 heavy dire flail!
The ufetubus hits you but does no damage. x2
You punch Edmund! You tail-slap Edmund, but do no damage. You punch Edmund.
Edmund is moderately wounded.
The ufetubus hits you. x2; Edmund barely misses you.
You hit Edmund.
Your tail-slap misses Edmund.
Edmund is moderately wounded.
The ufetubus hits you but does no damage. x2
You hit Edmund but do no damage. You tail-slap Edmund.
Edmund is heavily wounded.
The ufetubus is struck by your spines. The ufetubus barely misses you.
The ufetubus closely misses you. The ufetubus barely misses you.
The ufetubus completely misses you.
Edmund hits you with a +1 heavy dire flail!!
* * * LOW HITPOINT WARNING * * *
An orc comes into view. It is wielding a +0 mace.
You hit the ufetubus.
You kill the ufetubus!
You closely miss Edmund.
Edmund is heavily wounded.
Edmund hits you with a +1 heavy dire flail!!
You die...
Edmund says, "That'll show my brother!"

#....# ###....##
#.......# .......#
....?.# #o...# #....#
#@..# #h###### #......#
##.####.# ####...###.#
##### #......)...###
#....
#...#...###...##.#.##
........###.......)..#
##...#####.#.###....####
$.... ...#............


You could see Edmund and an orc.

Vanquished Creatures
  Sigmund (D:2)
  A black bear (D:4)
  A sky beast (D:4)
  A howler monkey (D:4)
  2 bombardier beetles (D:3)
  Terence (D:3)
  An orc wizard (D:3)
  Natasha (thrice) (D:2)
  6 adders
  2 ufetubi (D:5)
  2 ribbon worms
  A dart slug (D:3)
  3 orcs
  5 ball pythons
  4 bats
  14 endoplasms
  4 giant cockroaches
  6 hobgoblins
  6 kobolds
  4 quokkas
  5 frilled lizards
  6 goblins
  5 rats
84 creatures vanquished.

Notes
Turn   | Place    | Note
-------+----------+-------------------------------------------
     0 | D:1      | thirtiethelement the Demonspawn Shapeshifter began the
                  | quest for the Orb.
     0 | D:1      | Reached XP level 1. HP: 15/15 MP: 1/1
   124 | D:1      | Gained mutation: You have a somewhat thin skeletal
                  | structure. (Dex +2, Stealth+) [demonic ancestry]
   124 | D:1      | Reached XP level 2. HP: 16/21 MP: 2/2
   214 | D:1      | Reached skill level 3 in Unarmed Combat
   910 | D:1      | Gained mutation: You have a small tail. [demonic ancestry]
   910 | D:1      | Reached XP level 3. HP: 26/26 MP: 3/3
   961 | D:2      | Noticed Sigmund
  1119 | D:2      | Killed Sigmund
  1120 | D:2      | Reached skill level 1 in Stealth
  1120 | D:2      | Reached skill level 4 in Unarmed Combat
  1120 | D:2      | Reached XP level 4. HP: 30/32 MP: 4/4
  1120 | D:2      | Gained mutation: You are partially covered in sharp spines.
                  | [demonic ancestry]
  1120 | D:2      | Reached XP level 5. HP: 34/37 MP: 5/5
  1266 | D:2      | Found Kinoizod's Antique Armour Shop.
  1316 | D:2      | Noticed Natasha
  1325 | D:2      | Killed Natasha
  1409 | D:2      | Noticed Natasha
  1417 | D:2      | Killed Natasha
  1427 | D:2      | Noticed Natasha
  1432 | D:2      | Killed Natasha
  1433 | D:2      | Gained mutation: You have a tail ending in a sharp stinger.
                  | [demonic ancestry]
  1433 | D:2      | Reached XP level 6. HP: 43/43 MP: 6/6
  2222 | D:3      | Found a snail-covered altar of Cheibriados.
  2222 | D:3      | Noticed Terence
  2229 | D:3      | Killed Terence
  2713 | D:4      | Found a stormy altar of Qazlal.
  2713 | D:4      | Noticed a sky beast
  2728 | D:4      | Killed a sky beast
  2729 | D:4      | Reached skill level 5 in Unarmed Combat
  2729 | D:4      | Reached XP level 7. HP: 48/48 MP: 7/7
  2915 | D:4      | Reached skill level 1 in Armour
  3042 | D:4      | Found a shadowy altar of Dithmenos.
  3372 | D:2      | Bought a glowing cloak for 210 gold pieces
  3495 | D:5      | Entered Level 5 of the Dungeon
  3516 | D:5      | Noticed Edmund
  3525 | D:5      | Mangled by Edmund

Illustrated notes

Levels and vault maps discovered:
D:1:      dpeg_arrival_radiant, layout_basic
D:2:      layout_basic, serial_shops, nicolae_shop_just_a_little_nook,
          uniq_natasha, uniq_sigmund
D:3:      layout_basic, mainiacjoe_overflow_concentric_impassable,
          feat_on_display, uniq_terence
D:4:      kennysheep_big_flooded_room, layout_basic,
          nicolae_qazlal_beasts_of_the_sky, grunt_dithmenos_smoke
D:5:      layout_loops_ring, mainiacjoe_overflow_alcove_2, uniq_edmund

Skill      XL: |  1  2  3  4  5  6  7 |
---------------+----------------------+-----
Shapeshifting  | 3 |  3.5
Unarmed Combat | 3 4 5 |  5.5
Dodging        | 2 3 |  3.4
Stealth        | 1 2 3 |  3.6
Armour         | 1 |  1.4
Fighting       | |  1.5

Action                     |  1- 3 |  4- 6 |  7- 9 || total
---------------------------+-------+-------+-------++-------
  Melee: Unarmed           |    88 |    89 |    41 ||   218
         Punch             |     2 |     3 |     1 ||     6
         Tailslap          |       |     9 |     9 ||    18
    Use: Potion            |     1 |     1 |       ||     2
         Scroll            |       |     8 |       ||     8
   Stab: Sleeping          |     5 |    10 |     2 ||    17
 Armour: Animal skin       |    47 |    12 |       ||    59
         Skin              |     3 |     7 |       ||    10
         Scale mail        |       |    13 |    30 ||    43
  Dodge: Dodged            |    59 |    20 |    27 ||   106
   Form: Beast             |     2 |     1 |     1 ||     4
                           |     1 |     1 |     1 ||     3
